 Dungeon Crawl Stone Soup version 0.29.0-4-gdea44cf6ec (webtiles) character file.

Game seed: 8788344170837454630

17 qw the Vexing (level 2, -2/27 HPs)
             Began as an Ogre Enchanter on Sept 3, 2022.
             Killed from afar by Jessica (5 damage)
             ... with a puff of flame
             ... on level 2 of the Dungeon.
             The game lasted 00:00:45 (1314 turns).

qw the Vexing (Ogre Enchanter)                      Turns: 1314, Time: 00:00:46

Health: -2/27      AC:  3    Str: 11    XL:     2   Next: 62%
Magic:  5/5        EV:  9    Int: 16    God:
Gold:   42         SH:  0    Dex:  9    Spells: 5/5 levels left

rFire   + . .      SeeInvis .   Y - +0 whip
rCold   + . .      Faith    .   (no shield)
rNeg    . . .      Spirit   .   b - +0 robe
rPois   +          Reflect  .   (helmet restricted)
rElec   +          Harm     .   (no cloak)
rCorr   +          Rampage  .   (gloves unavailable)
Will    .....                   (boots unavailable)
Stlth   ++........              (no amulet)
HPRegen 0.09/turn               (no ring)
MPRegen 0.09/turn               (no ring)

@: about to teleport, resistant
A: large, unfitting armour, tough skin 1
a: no special abilities


You were on level 2 of the Dungeon.
You visited 1 branch of the dungeon, and saw 2 of its levels.

You collected 42 gold pieces.


Innate Abilities, Weirdness & Mutations

You are too large for most types of armour.
You have tough skin. (AC +1)


   Skills:
 - Level 1.1 Fighting
 - Level 0.8 Short Blades
 + Level 1.9 Axes
 - Level 1.7 Dodging
 - Level 2.1 Stealth
 - Level 2.4 Spellcasting
 - Level 2.6 Hexes


You had 5 spell levels left.
You didn't know any spells.
Your spell library contained the following spells:

 Spells                   Type           Power      Damage    Failure   Level
 Ensorcelled Hibernation  Hex/Ice        12%        N/A       17%         2
 Confusing Touch          Hex            10%        N/A       21%         3
 Tukima's Dance           Hex            10%        N/A       21%         3
 Dazzling Flash           Conj/Hex       12%        N/A       34%         3

Inventory:

Hand Weapons
 Y - a +0 whip (weapon)
Armour
 b - a +0 robe (worn)
Potions
 e - a potion of haste {unknown}
 h - a potion of resistance

Dungeon Overview and Level Annotations

Branches:
Dungeon (2/15)

Altars:

Annotations:
D:2 Jessica


Message History

Existing waypoints: (2) D:1 Assign waypoint to what number? (0-9, D - delete waypoint) Waypoint 1 assigned to D:2.
You now have 42 gold pieces (gained 9).
Jessica the Apprentice Sorceress comes into view.
She is wielding a +0 dagger and carrying a wand of flame (3).
Found 5 gold pieces.
Enter note: Jessica shouts!
You hit Jessica.
Jessica is heavily wounded.
Jessica very coldly says, "I hate your company."
Jessica hits you with a +0 dagger.
You barely miss Jessica.
Jessica is moderately wounded.
Jessica closely misses you.
You hit Jessica but do no damage.
Jessica is moderately wounded.
Jessica gestures wildly while chanting.
Jessica seems to speed up.
You closely miss Jessica.
Jessica is moderately wounded.
Jessica hits you with a +0 dagger.
You hit Jessica but do no damage.
Jessica is moderately wounded.
Jessica hits you with a +0 dagger. x2
You hit Jessica.
Jessica is heavily wounded.
Jessica hits you with a +0 dagger. Jessica completely misses you.
You closely miss Jessica.
Jessica is heavily wounded.
Jessica hits you with a +0 dagger.
You barely miss Jessica.
Jessica is heavily wounded.
Jessica hits you with a +0 dagger. Jessica hits you but does no damage.
1314 ||| READING scroll of teleportation.
As you read the scroll of teleportation, it crumbles to dust.
You feel strangely unstable.
Jessica zaps a wand.
The puff of flame hits you. You resist.
You die...

... ... ... #.#
##.## .####...####
........@$.+ #..@#
##.## #.# #.# #.#
#+# #.# #.######
#.#########.<....#
#........##..###.#
########.#...#....


You could see Jessica (fast).

Vanquished Creatures
  3 ball pythons (D:1)
  An endoplasm (D:1)
  3 giant cockroaches (D:1)
  A goblin (D:1)
  2 hobgoblins (D:1)
  A quokka (D:1)
  A bat (D:1)
  2 kobolds (D:1)
  A rat (D:1)
15 creatures vanquished.

Notes
Turn   | Place    | Note
-------+----------+-------------------------------------------
     0 | D:1      | qw the Ogre Enchanter began the quest for the Orb.
     0 | D:1      | Reached XP level 1. HP: 16/16 MP: 3/3
     0 | D:1      | 0 ||| qw: Version: 0.1-a-102-g441f92d
     0 | D:1      | 0 ||| qw: Game counter: 5211
     0 | D:1      | 0 ||| qw: Always use a shield: true
     0 | D:1      | 0 ||| qw: God list: Okawaru
     0 | D:1      | 0 ||| qw: Allow faded altars: false
     0 | D:1      | 0 ||| qw: Do Orc after D:15 true
     0 | D:1      | 0 ||| qw: Do second Lair branch before Depths: true
     0 | D:1      | 0 ||| qw: Lair rune preference: random
     0 | D:1      | 0 ||| qw: Plans: Normal
     0 | D:1      | 0 ||| PLANNING D:1-11
   292 | D:1      | Reached skill level 1 in Axes
   387 | D:1      | Found a faded altar of an unknown god.
   514 | D:1      | 514 ||| Stepping ~*~*~tactically~*~*~ (outnumbered).
   515 | D:1      | 515 ||| Stepping ~*~*~tactically~*~*~ (outnumbered).
   516 | D:1      | 516 ||| Stepping ~*~*~tactically~*~*~ (outnumbered).
   517 | D:1      | 517 ||| Stepping ~*~*~tactically~*~*~ (outnumbered).
   518 | D:1      | 518 ||| Stepping ~*~*~tactically~*~*~ (outnumbered).
   519 | D:1      | 519 ||| Stepping ~*~*~tactically~*~*~ (outnumbered).
   520 | D:1      | 520 ||| Stepping ~*~*~tactically~*~*~ (outnumbered).
   521 | D:1      | 521 ||| Stepping ~*~*~tactically~*~*~ (outnumbered).
   522 | D:1      | 522 ||| Stepping ~*~*~tactically~*~*~ (outnumbered).
   523 | D:1      | 523 ||| Stepping ~*~*~tactically~*~*~ (outnumbered).
   524 | D:1      | 524 ||| Stepping ~*~*~tactically~*~*~ (outnumbered).
   525 | D:1      | 525 ||| Stepping ~*~*~tactically~*~*~ (outnumbered).
   527 | D:1      | 527 ||| Stepping ~*~*~tactically~*~*~ (outnumbered).
   529 | D:1      | 529 ||| Stepping ~*~*~tactically~*~*~ (outnumbered).
   542 | D:1      | Reached skill level 1 in Fighting
   548 | D:1      | Reached XP level 2. HP: 12/27 MP: 5/5
   878 | D:1      | 878 ||| SWAPPING to +0 whip.
   879 | D:1      | 879 ||| DROPPING +1 dagger.
   946 | D:1      | 946 ||| Stepping ~*~*~tactically~*~*~ (stealth).
  1062 | D:1      | 1062 ||| Stepping ~*~*~tactically~*~*~ (stealth).
  1083 | D:1      | 1083 ||| Stepping ~*~*~tactically~*~*~ (stealth).
  1264 | D:1      | 1264 ||| READING scroll labelled DIENUU EJIGA.
  1265 | D:1      | 1265 ||| READING 2 scrolls labelled JEEFIYTR PEBO.
  1268 | D:1      | 1268 ||| READING scroll labelled YSOCEKL YNEJE.
  1269 | D:1      | 1269 ||| DRINKING 2 bubbling amethyst potions.
  1270 | D:1      | 1270 ||| DROPPING 2 potions of invisibility.
  1304 | D:2      | Noticed Jessica
  1313 | D:2      | HP: 3/27 [Jessica/+0 dagger (6)]
  1314 | D:2      | 1314 ||| READING scroll of teleportation.
  1314 | D:2      | Killed from afar by Jessica

Levels and vault maps discovered:
D:1:      lightli_arrival_statuegarden, layout_basic,
          hellmonk_ecumenical_altar_arch_garden, skrybe_limestone_x
D:2:      minmay_thinvault, layout_loops_corners, uniq_jessica

Skill      XL: |  1 |
---------------+----+-----
Axes           | 1 |  1.9
Fighting       | 1 |  1.1
Short Blades   | |  0.8
Dodging        | |  1.7
Stealth        | |  2.1
Spellcasting   | |  2.4
Hexes          | |  2.6

Action                   || total
-------------------------++-------
Melee: Dagger            ||    68
       Punch             ||     1
       Whip              ||    30
  Use: Scroll            ||     4
       Potion            ||     1
Armor: Robe              ||    23
Dodge: Dodged            ||    54

Table legend:
 A = Non-vault XP
 B = Vault XP
 C = Vault XP percentage of total XP
 D = Non-vault monster count
 E = Vault monster count
 F = Vault count percentage of total count
                 A         B        C        D         E       F
            +---------+---------+-------+---------+---------+-------
      Total |      25 |       0 |   0.0 |      15 |       0 |   0.0
            +---------+---------+-------+---------+---------+-------
        D:1 |      25 |       0 |   0.0 |      15 |       0 |   0.0
            +---------+---------+-------+---------+---------+-------
